 Dungeon Crawl Stone Soup version 0.31-a0-1370-gf52a5a9ab3 (webtiles) character file.

Game seed: 4967293546316797784

12657 ParallaxScroll the Basher (level 11, -6/115 HPs)
             Began as an Oni Gladiator on Dec 24, 2023.
             Was a High Priest of Nemelex Xobeh.
             Mangled by a sixfirhy (11 damage)
             ... in a Gauntlet.
             The game lasted 01:27:08 (13236 turns).

ParallaxScroll the Basher (Oni Gladiator)          Turns: 13236, Time: 01:27:08

Health: -6/115     AC:  8    Str: 24    XL:     11   Next: 96%
Magic:  17/17      EV:  9    Int:  9    God:    Nemelex Xobeh [*****.]
Gold:   739        SH: 10    Dex: 10    Spells: 10/10 levels left

rFire   + . .        b - +2 whip (elec)
rCold   . . .        I - +0 kite shield
rNeg    . . .        J - +0 acid dragon scales
rPois   .            o - +0 hat
rElec   .            g - +0 cloak
rCorr   +            (gloves unavailable)
SInv    +            (boots unavailable)
Will    ++...        h - amulet "Jaikh" {rF+ Regen+ SInv}
Stlth   +            D - ring of see invisible
HPRegen 1.19/turn    M - ring of willpower
MPRegen 0.15/turn

%: no teleportation
@: no status effects
A: large, unfitting armour, horns 1, tough skin 1, double potion healing,
drunken brawling
a: Renounce Religion, Draw Escape, Draw Destruction, Draw Summoning, Triple
Draw, Deal Four, Stack Five


You were in a Gauntlet.
You worshipped Nemelex Xobeh.
Nemelex Xobeh was extremely pleased with you.
You visited 3 branches of the dungeon, and saw 13 of its levels.
You also visited: Bailey and Gauntlet.

You collected 739 gold pieces.

Inventory:

Hand Weapons
 a - a +4 whip of draining
 b - a +2 whip of electrocution (weapon)
 c - a +3 flail
 d - the +10 long sword of Modesty {heavy, Will++ Int+2}
   (You found it on level 8 of the Dungeon)

   Int+2:     It affects your intelligence (+2).
   Will++:    It greatly increases your willpower.
 q - the +6 spear of Joyful Slaughter {protect, rF+ Will- rCorr Dex+2}
   (You found it on level 10 of the Dungeon)

   Dex+2:     It affects your dexterity (+2).
   rF+:       It protects you from fire.
   Will-:     It decreases your willpower.
   rCorr:     It protects you from acid and corrosion.
Missiles
 w - 2 atropa-tipped darts
 y - 4 throwing nets
 E - 11 poisoned darts
 P - a curare-tipped dart
 Q - 15 large rocks (quivered)
Armour
 g - a +0 cloak (worn)
 o - a +0 hat (worn)
 I - a +0 kite shield (worn)
 J - +0 acid dragon scales (worn)
Magical Staves
 i - a staff of air
Jewellery
 h - the amulet "Jaikh" (around neck) {rF+ Regen+ SInv}
   (You found it in a Gauntlet)

   [amulet of regeneration]

   rF+:       It protects you from fire.
   SInv:      It lets you see invisible.
   Regen+:    It increases your rate of health regeneration.
 D - a ring of see invisible (left hand)
 F - an amulet of regeneration
 M - a ring of willpower (right hand)
Wands
 u - a wand of roots (2)
 B - a wand of quicksilver (10)
 U - a wand of mindburst (16)
 W - a wand of flame (17)
Scrolls
 l - 3 scrolls of immolation
 x - a scroll of silence
Potions
 f - 3 potions of magic
 k - 4 potions of enlightenment
 m - 2 potions of cancellation
 r - 3 potions of curing
 v - a potion of attraction {unknown}
 z - 3 potions of heal wounds
 A - a potion of lignification {unknown}
 K - 2 potions of invisibility
 L - a potion of mutation {unknown}
 N - a potion of ambrosia
 O - 5 potions of haste
 R - a potion of resistance {unknown}
 V - a potion of might
 Z - a potion of degeneration {unknown}
Miscellaneous
 e - a phantom mirror


   Skills:
 - Level 9.0 Fighting
 - Level 12.0 Maces & Flails
 + Level 3.8 Throwing
 - Level 1.0 Armour
 - Level 5.0 Dodging
 - Level 8.0 Shields
 - Level 8.0 Invocations
 - Level 4.0 Evocations


You had 10 spell levels left.
You didn't know any spells.
Your spell library contained the following spells:

 Spells                   Type           Power      Damage    Failure   Level
 Ensorcelled Hibernation  Hex/Ice        0%         N/A       82%         2
 Passwall                 Alch/Erth      0%         N/A       82%         2
 Scorch                   Fire           0%         2d5       82%         2
 Swiftness                Air            0%         N/A       96%         3
 Flame Wave               Conj/Fire      0%         2d4       100%        4
 Leda's Liquefaction      Alch/Erth      0%         N/A       100%        4
 Passage of Golubria      Tloc           0%         N/A       100%        4
 Lee's Rapid Deconstruct  Erth           0%         3d4*      100%        5
 Silence                  Hex/Air        0%         N/A       100%        5
 Bombard                  Conj/Erth      0%         9d1       100%        6
 Summon Cactus Giant      Summ           0%         N/A       100%        6
 Lehudib's Crystal Spear  Conj/Erth      0%         10d2      100%        8


Dungeon Overview and Level Annotations

Branches:
Dungeon (11/15)            Temple (1/1) D:6            Lair (1/5) D:8
 Bailey (visited)         Gauntlet (1/1)
    Orc: D:9-12

Altars:
Ashenzari
Cheibriados
Dithmenos
Elyvilon
Fedhas
Gozag
Hepliaklqana
Kikubaaqudgha
Makhleb
Nemelex Xobeh
Okawaru
Qazlal
Ru
Sif Muna
Trog
Uskayaw
Vehumet
Wu Jian
Xom
Yredelemnul
Zin
The Shining One

Annotations:
D:5 2 transporters, Sobieck's ghost, amateur DECj Gauntlet 10 transporters, 1 runed translucent door


Innate Abilities, Weirdness & Mutations

You are too large for most types of armour.
You have a pair of small horns on your head.
You have tough skin. (AC +1)
You gain doubled healing and magic from potions.
Whenever you drink a healing potion, you attack all around you.


Message History

You hit the ufetubus.
You kill the ufetubus!
Your centaur warrior closely misses the sixfirhy.
Your centaur warrior barely misses the sixfirhy.
Your centaur warrior misses the ufetubus.
Your centaur warrior kicks the ufetubus.
You block the ufetubus's attack. x2
The sixfirhy hits you but does no damage.
Your centaur warrior hits the ufetubus!
The ufetubus dies!
Your centaur warrior says, "Don't worry.
I'm here with you."
Your centaur warrior barely misses the sixfirhy.
Your centaur warrior kicks the sixfirhy.
Your naga sharpshooter unwields a +0 trident.
Your naga sharpshooter wields a +0 longbow.
Your naga sharpshooter shoots an arrow.
The arrow barely misses the sixfirhy.
You block the sixfirhy's attack.
Your centaur warrior barely misses the sixfirhy.
Your centaur warrior kicks the sixfirhy but does no damage.
You closely miss the sixfirhy.
The sixfirhy is moderately wounded.
The sixfirhy hits you! The sixfirhy shocks you! The sixfirhy hits you.
The sixfirhy shocks you!
Your naga sharpshooter shoots an arrow.
The arrow closely misses the sixfirhy.
Your centaur warrior hits the sixfirhy!
Your centaur warrior completely misses the sixfirhy.
Your centaur warrior hits the sixfirhy!
Your centaur warrior kicks the sixfirhy.
You miss the sixfirhy. Your headbutt misses the sixfirhy.
The sixfirhy is almost dead.
The sixfirhy hits you. The sixfirhy shocks you!
* * * LOW HITPOINT WARNING * * *
The sixfirhy hits you!
* * * LOW HITPOINT WARNING * * *
The sixfirhy shocks you!
* * * LOW HITPOINT WARNING * * *
The sixfirhy hits you.
* * * LOW HITPOINT WARNING * * *
The sixfirhy shocks you!
You die...
Your body glows slightly and disappears.

§..#...8..u#.#....#ZZ#.#.#...#.#.
#.§#8.8^8.8#.#...###.#.#.#...#.#.
§§.##8.©.8##.#..#©#..#.#.##©##.#.
#§.#8.8^8.8#.#.###...#.#..#.#.t#.
≈..#...8..G#.#..#....#.####.####.
#..#..8#8.u#.#..BZZ..#.#.......#.
≈..#############################.
##...#.©........cN.........©.#...
#≈...#..........@3c..........#...
###..#########################..#
#§.........#...5©.[..#.........≈
###........#.........#........##
#≈#≈#§#..#..#...#..#..#≈#≈#§#
#######..#.........#..#######
#≈..#....©....#..≈#
#######..#.........#..#######
#≈#≈#≈#..#..#P..#..#..#≈#≈#≈#


You could see a great orb of eyes, a cyan ugly thing, a spectral torpor snail, a
spectral dream sheep, a sixfirhy (ally target), a death scarab, an ufetubus, a
friendly naga sharpshooter (summoned) and 2 friendly centaur warriors.

Vanquished Creatures
  A cyclops (D:10)
  A torpor snail (Gauntlet)
  A gargoyle (Bailey)
  4 unseen horror zombies
  2 trolls
  A hornet (D:9)
  Prince Ribbit (D:7)
  2 blink frogs (D:8)
  Sigmund (D:2)
  A shadow (D:11)
  A vampire (Bailey)
  2 wyverns
  Grum (D:10)
  A basilisk (D:10)
  A wraith (D:10)
  5 yaks
  4 vampire mosquitoes (D:10)
  2 acid dragons (D:10)
  3 water moccasins
  Duvessa (D:5)
  A hornet zombie (D:8)
  3 orc warriors
  2 black bears
  5 centaurs
  10 wolves
  A phantom (D:5)
  2 kobold brigands
  Blork the orc (D:5)
  A gnoll sergeant (D:5)
  A bullfrog (D:9)
  A wyvern zombie (D:8)
  7 scorpions
  4 wights (D:9)
  Dowan (D:5)
  8 killer bees
  7 vampire bats (Bailey)
  4 howler monkeys
  3 wolf zombies (Bailey)
  3 gnoll boudas
  5 centaur zombies
  An orc priest (D:8)
  Crazy Yiuf (D:3)
  5 hounds
  A cerulean imp (D:3)
  3 jellies
  A sleepcap (D:4)
  Jessica (D:2)
  2 iguanas (D:7)
  5 orc wizards
  2 killer bee zombies (D:8)
  Robin (D:2)
  A howler monkey zombie (D:8)
  5 adders
  14 gnolls
  2 shadow imps
  2 bombardier beetles
  A white imp (D:7)
  5 ufetubi
  3 dart slugs
  17 orcs
  6 endoplasms
  3 giant cockroaches
  12 goblins
  9 hobgoblins
  4 jackals (D:1)
  2 quokkas
  8 ball pythons
  6 bats
  3 frilled lizards
  14 kobolds
  22 orc zombies (Bailey)
  7 rats
275 creatures vanquished.

Vanquished Creatures (collateral kills)
  Erica (D:10)
  A two-headed ogre (D:10)
  2 killer bees (D:9)
  An orc priest (D:8)
  An ufetubus (Gauntlet)
  2 orcs (D:8)
8 creatures vanquished.

Grand Total: 283 creatures vanquished

Notes
Turn   | Place    | Note
-------+----------+-------------------------------------------
     0 | D:1      | ParallaxScroll the Oni Gladiator began the quest for the
                  | Orb.
     0 | D:1      | Reached XP level 1. HP: 22/22 MP: 1/1
   125 | D:1      | Reached XP level 2. HP: 31/31 MP: 2/2
   662 | D:2      | Reached skill level 4 in Maces & Flails
   662 | D:2      | Reached XP level 3. HP: 35/37 MP: 3/3
  1154 | D:2      | Noticed Robin
  1160 | D:2      | Killed Robin
  1161 | D:2      | Reached XP level 4. HP: 43/48 MP: 4/4
  1444 | D:2      | Found a faded altar of an unknown god.
  1452 | D:2      | Prayed at the altar of an unknown god.
  1452 | D:2      | Became a worshipper of Nemelex Xobeh the Trickster
  1452 | D:2      | Reached * piety under Nemelex Xobeh
  1452 | D:2      | Received a gift from Nemelex Xobeh
  1485 | D:2      | Noticed Jessica
  1486 | D:2      | Noticed Sigmund
  1489 | D:2      | Killed Jessica
  1490 | D:2      | Reached skill level 1 in Invocations
  1504 | D:2      | Killed Sigmund
  1505 | D:2      | Reached skill level 5 in Maces & Flails
  1505 | D:2      | Reached skill level 6 in Maces & Flails
  1505 | D:2      | Reached XP level 5. HP: 45/54 MP: 4/6
  1505 | D:2      | Reached XP level 6. HP: 52/62 MP: 4/7
  1781 | D:3      | Noticed Grinder
  1839 | D:3      | Paralysed by Grinder for 2 turns
  2020 | D:3      | Grinder changed into Grinder the cerulean imp
  2020 | D:3      | Noticed Grinder
  2022 | D:3      | Killed Grinder the cerulean imp
  2193 | D:3      | Reached ** piety under Nemelex Xobeh
  2433 | D:3      | Found a runed translucent door.
  2434 | D:3      | Noticed Crazy Yiuf
  2696 | D:3      | Killed Crazy Yiuf
  2761 | D:4      | Reached skill level 5 in Fighting
  2761 | D:4      | Reached skill level 1 in Evocations
  2761 | D:4      | Reached XP level 7. HP: 63/72 MP: 9/9
  2987 | D:4      | Found a burning altar of Makhleb.
  3028 | D:4      | You fall into a shaft and drop 2 floors!
  3029 | D:6      | Found a glowing silver altar of Zin.
  3029 | D:6      | Noticed an angel
  3100 | D:6      | Reached skill level 7 in Maces & Flails
  3279 | D:5      | Entered Level 5 of the Dungeon
  3290 | D:5      | Noticed Duvessa
  3305 | D:5      | Noticed Dowan
  3435 | D:6      | Found a staircase to the Ecumenical Temple.
  3455 | Temple   | Entered the Ecumenical Temple
  3716 | D:6      | Reached skill level 1 in Armour
  3716 | D:6      | Reached XP level 8. HP: 77/80 MP: 10/10
  3757 | D:6      | Reached skill level 8 in Maces & Flails
  3778 | D:5      | Noticed a troll
  3783 | D:5      | Killed a troll
  3794 | D:5      | Noticed Blork the orc
  3805 | D:5      | Killed Blork the orc
  3839 | D:5      | Found a glowing golden altar of the Shining One.
  3944 | D:4      | Received a gift from Nemelex Xobeh
  4086 | D:4      | Found a white marble altar of Elyvilon.
  4093 | D:4      | Found a bloodstained altar of Trog.
  4098 | D:4      | Found a shadowy altar of Dithmenos.
  4263 | D:4      | Reached *** piety under Nemelex Xobeh
  4590 | D:5      | Reached skill level 9 in Maces & Flails
  4834 | D:5      | Noticed Sobieck's ghost (amateur DECj)
  4899 | D:5      | Killed Dowan
  4913 | D:5      | Killed Duvessa
  4914 | D:5      | Reached XP level 9. HP: 66/88 MP: 12/12
  5032 | D:5      | Found a transporter.
  5037 | D:5      | Found a transporter.
  5062 | D:5      | Found a blossoming altar of Fedhas.
  5183 | D:5      | Reached skill level 5 in Invocations
  5298 | D:6      | Received a gift from Nemelex Xobeh
  5327 | D:6      | Reached skill level 1 in Shields
  5676 | D:7      | Noticed Prince Ribbit
  5679 | D:7      | Killed Prince Ribbit
  5724 | D:7      | Found a radiant altar of Vehumet.
  5906 | D:7      | Found a shimmering blue altar of Sif Muna.
  5906 | D:7      | Received a gift from Nemelex Xobeh
  6639 | D:8      | Reached skill level 5 in Shields
  6644 | D:8      | Found a staircase to the Lair.
  6676 | D:8      | Reached **** piety under Nemelex Xobeh
  6676 | D:8      | Received a gift from Nemelex Xobeh
  6700 | D:8      | Identified the +10 long sword of Modesty {heavy, Will++
                  | Int+2}
  6704 | D:8      | Noticed a red devil
  6924 | D:8      | Found a snail-covered altar of Cheibriados.
  6957 | D:8      | Found a broken altar of Ashenzari.
  7118 | D:8      | Reached XP level 10. HP: 76/102 MP: 13/13
  7439 | D:8      | Found a basalt altar of Yredelemnul.
  7883 | Lair:1   | Entered Level 1 of the Lair of Beasts
  7926 | Lair:1   | Noticed a cane toad
  7977 | Lair:1   | Noticed an elephant
  8153 | D:9      | Identified the +0 quarterstaff "Peoqopud" {drain, MP+9
                  | Str+4}
  8802 | D:9      | Found a hazy altar of Hepliaklqana.
  8803 | D:9      | Found a shimmering altar of Xom.
  8803 | D:9      | Noticed a spectral ugly thing
  8804 | D:9      | Noticed a spectral ugly thing
  8804 | D:9      | Noticed a spectral ugly thing
  9407 | D:9      | Found a hazy altar of Hepliaklqana.
  9408 | D:9      | Found a shimmering altar of Xom.
  9492 | D:10     | Entered Level 10 of the Dungeon
  9519 | D:10     | Received a gift from Nemelex Xobeh
  9581 | D:10     | Found an iron altar of Okawaru.
  9607 | D:10     | Found a flagged portal.
  9627 | Bailey   | Entered a bailey
  9755 | Bailey   | Reached XP level 11. HP: 115/115 MP: 15/15
  9917 | Bailey   | Reached skill level 10 in Maces & Flails
 10263 | Bailey   | Identified the +1 pair of boots of the Burning Gods
                  | {Rampage rCorr SInv}
 10391 | D:10     | Noticed Erica
 10408 | D:10     | Killed Erica
 10636 | D:10     | Received a gift from Nemelex Xobeh
 10707 | D:10     | Found a sacrificial altar of Ru.
 10839 | D:10     | Noticed a two-headed ogre
 10853 | D:10     | Killed a two-headed ogre
 10854 | D:10     | Reached skill level 11 in Maces & Flails
 11345 | D:10     | Identified the +6 spear of Joyful Slaughter {protect, rF+
                  | Will- rCorr Dex+2}
 11376 | D:10     | Noticed Grum
 11426 | D:10     | Killed Grum
 11491 | D:9      | Reached skill level 12 in Maces & Flails
 11541 | D:10     | Noticed a cyclops
 11561 | D:10     | Killed a cyclops
 11808 | D:10     | Reached ***** piety under Nemelex Xobeh
 12023 | D:10     | Found an iron altar of Okawaru.
 12372 | D:10     | Found a sacrificial altar of Ru.
 12689 | D:11     | Received a gift from Nemelex Xobeh
 12764 | D:11     | Noticed a cyclops
 12765 | D:11     | Noticed a centaur warrior
 12768 | D:11     | Noticed a boulder beetle
 12777 | D:11     | Found a gate leading to a gauntlet.
 12806 | Gauntlet | Entered a Gauntlet
 12806 | Gauntlet | Found a transporter.
 12806 | Gauntlet | Found a transporter.
 12812 | Gauntlet | Found a transporter.
 12816 | Gauntlet | Noticed a necromancer
 12823 | Gauntlet | Found a runed translucent door.
 12826 | Gauntlet | Found a transporter.
 12842 | Gauntlet | Found a transporter.
 12842 | Gauntlet | Found a transporter.
 12842 | Gauntlet | Found a transporter.
 12842 | Gauntlet | Noticed a sixfirhy
 12844 | Gauntlet | Found a transporter.
 12844 | Gauntlet | Found a transporter.
 12846 | Gauntlet | Noticed a death scarab
 12849 | Gauntlet | Noticed a spectral death yak
 12858 | Gauntlet | Found a transporter.
 12874 | Gauntlet | Found a transporter.
 12877 | Gauntlet | Noticed a death scarab
 12884 | Gauntlet | Found a transporter.
 12885 | Gauntlet | Noticed a cyan ugly thing
 12886 | Gauntlet | Noticed a white ugly thing
 12886 | Gauntlet | Noticed a great orb of eyes
 12898 | Gauntlet | Found a transporter.
 12932 | Gauntlet | Found a transporter.
 13122 | Gauntlet | Reached skill level 5 in Dodging
 13196 | Gauntlet | Identified the amulet "Jaikh" {rF+ Regen+ SInv}
 13236 | Gauntlet | HP: 5/115 [sixfirhy (1)]
 13236 | Gauntlet | Mangled by a sixfirhy

Illustrated notes

Levels and vault maps discovered:
D:1:      minmay_arrival_semitransparent, layout_rooms, nrook_uturn,
          chequers_avenue, minmay_misc_feat_tiny
D:2:      layout_basic, basic_ecumenical_altar, uniq_robin, uniq_jessica,
          uniq_sigmund
D:3:      layout_basic, uniq_crazy_yiuf_cottage, uniq_grinder
D:4:      layout_basic, makhleb_heckhound_becter,
          minmay_overflow_temple_star_quad
D:5:      layout_gridville, kennysheep_mini_moat,
          mainiacjoe_overflow_six_doors_small, gammafunk_ghost_hive,
          uniq_duvessa, uniq_blork_the_orc
D:6:      layout_basic, zin_angel, minmay_temple_entry_ruins
D:7:      layout_basic, mainiacjoe_overflow_chevrons, kennysheep_mini,
          uniq_prince_ribbit1
D:8:      layout_basic, jmf_multi_god_temple, nicolae_yredelemnul_corpse_copse,
          lair_entry_dummy, minmay_orc_keep
D:9:      layout_cave_pools, regret_index_temple_of_mockery, serial_undead,
          serial_undead_f, serial_undead_a, serial_undead_e, serial_undead_d,
          nicolae_underground_beach
D:10:     minmay_general_purpose_star, layout_gridville,
          okawaru_metal_pillars_1_2, amcnicky_altar_gilded, enter_bailey_8,
          minmay_puff, uniq_erica, uniq_grum
D:11:     fort_yaktaur, layout_loops_corners, gauntlet_entry_generic,
          minmay_mirror_moons_of_madness, uniq_psyche
Temple:   nicolae_temple_superstar
Lair:1:   layout_roguey, gammafunk_ghost_ooze, st_stairs_9, uniq_joseph,
          uniq_urug
Gauntlet: gammafunk_gauntlet_mixed_choke_point
          [minmay_gauntlet_arena_77_hold_the_fort,
          minmay_gauntlet_arena_77_squiggly, minmay_gauntlet_arena_77_path,
          gammafunk_gauntlet_arena_hedges,
          minmay_gauntlet_arena_77_terracotta_army,
          minmay_gauntlet_arena_77_double_cross,
          minmay_gauntlet_arena_77_mirror, gauntlet_exit_green]

Skill      XL: |  1  2  3  4  5  6  7  8  9 10 11 |
---------------+----------------------------------+-----
Fighting       | 3 4 5 7 9 |  9.0
Maces & Flails | 4 6 7 9 12 | 12.0
Invocations    | 2 3 4 5 8 |  8.0
Evocations     | 1 2 3 4 |  4.0
Armour         | 1 |  1.0
Dodging        | 3 4 5 |  5.0
Shields        | 6 8 |  8.0
Throwing       | 3 |  3.8

Action                     |  1- 3 |  4- 6 |  7- 9 | 10-12 || total
---------------------------+-------+-------+-------+-------++-------
  Melee: Flail             |    92 |    30 |       |     8 ||   130
         Headbutt          |     8 |     8 |    54 |   117 ||   187
         Whip              |       |    52 |   260 |   494 ||   806
         Punch             |       |     2 |       |       ||     2
  Throw: Stone             |     6 |     4 |    29 |     1 ||    40
         Large rock        |     1 |     4 |     9 |    11 ||    25
         Dart              |       |       |    27 |     8 ||    35
         Boomerang         |       |       |     2 |       ||     2
         Throwing net      |       |       |       |     1 ||     1
 Invoke: Draw Destruction  |       |     2 |     4 |    10 ||    16
         Draw Summoning    |       |       |     1 |     4 ||     5
         Draw Escape       |       |       |       |     1 ||     1
  Evoke: Wand              |       |       |     1 |       ||     1
         Phantom mirror    |       |       |       |     1 ||     1
    Use: Scroll            |     5 |       |     5 |     2 ||    12
         Potion            |       |     4 |       |     3 ||     7
   Stab: Sleeping          |     1 |     2 |     3 |       ||     6
         Invisible         |       |       |     2 |     1 ||     3
         Distracted        |       |       |       |     2 ||     2
 Armour: Robe              |    48 |    29 |   102 |   145 ||   324
         Acid dragon scale |       |       |       |    88 ||    88
  Dodge: Dodged            |    48 |    34 |    98 |   174 ||   354
  Block: Kite shield       |       |       |    49 |   239 ||   288

Table legend: (Time is in decaauts)
 A = Elapsed time spent in this place.
 B = Non-inter-level travel time spent in this place.
 C = Inter-level travel time spent in this place.
 D = Time resting spent in this place.
 E = Time spent auto-exploring this place.
 F = Levels seen in this place.
 G = Mean time per level.
                   A        B        C        D        E       F      G
               +--------+--------+--------+--------+--------+-----+--------+
         Total |  13016 |  12203 |    813 |   2223 |   7169 |  15 |  867.7 |
       Dungeon |  11823 |  11011 |    812 |   1974 |   6820 |  11 | 1074.8 |
        Temple |    114 |    114 |      0 |     89 |      0 |   1 |  114.0 |
          Lair |     11 |     11 |      0 |      0 |      0 |   1 |   11.0 |
        Bailey |    657 |    657 |      0 |    160 |    197 |   1 |  657.0 |
      Gauntlet |    409 |    409 |      0 |      0 |    152 |   1 |  409.0 |
               +--------+--------+--------+--------+--------+-----+--------+

Top non-repeatable levels by time:
    D:10: 2230 daAuts
     D:8: 1612 daAuts
     D:9: 1545 daAuts
     D:2: 1293 daAuts
     D:6: 920 daAuts
     D:5: 915 daAuts
     D:3: 896 daAuts
     D:7: 894 daAuts
     D:4: 829 daAuts
  Bailey: 657 daAuts
     D:1: 581 daAuts
Gauntlet: 409 daAuts
  Temple: 114 daAuts
    D:11: 103 daAuts
  Lair:1: 11 daAuts
